 Dungeon Crawl Stone Soup version 0.30-a0-187-gd9c2deaf24 (webtiles) character file.

Game seed: 11302593798787391982

9 Flugkiller the Sneak (level 2, -1/24 HPs)
             Began as a Mummy Delver on Oct 3, 2022.
             Was an Initiate of Cheibriados.
             Slain by a hound (4 damage)
             ... on level 4 of the Dungeon.
             The game lasted 00:01:00 (168 turns).

Flugkiller the Sneak (Mummy Delver)                  Turns: 168, Time: 00:01:00

Health: -1/24      AC:  3    Str: 16    XL:     2   Next: 3%
Magic:  2/2        EV: 12    Int: 10    God:    Cheibriados [......]
Gold:   0          SH:  0    Dex: 14    Spells: 1/1 levels left

rFire   x . .      SeeInvis .    a - +0 falchion
rCold   + . .      Faith    +    (no shield)
rNeg    + + +      Spirit   .    b - +0 leather armour
rPois   ∞          Reflect  .    (no helmet)
rElec   .          Harm     .    (no cloak)
rCorr   .          Rampage  .    (no gloves)
Will    .....                    (no boots)
Stlth   ++........               (no amulet)
HPRegen 0.24/turn                (no ring)
MPRegen 0.08/turn                (no ring)

@: very slow
A: cold resistance 1, negative energy resistance 3, torment resistance 2, heat
vulnerability 1, no potions, faith
a: Renounce Religion


You were on level 4 of the Dungeon.
You worshipped Cheibriados.
Cheibriados was noncommittal.
You visited 1 branch of the dungeon, and saw 2 of its levels.

Inventory:

Hand Weapons
 a - a +0 falchion (weapon)
Armour
 b - a +0 leather armour (worn)
Wands
 f - a wand of digging (3)
Scrolls
 c - a scroll of fog


   Skills:
 + Level 3.1 Fighting
 * Level 1.9 Long Blades
 * Level 1.9 Dodging
 - Level 4.1 Stealth


You had one spell level left.
You didn't know any spells.
Your spell library was empty.

Dungeon Overview and Level Annotations

Branches:
Dungeon (5/15) Zot: 17780
 Temple: D:4-7

Altars:
Cheibriados

Annotations:
D:4 Menkaure


Innate Abilities, Weirdness & Mutations

You are immune to poison.
Your flesh is cold resistant. (rC+)
You are immune to negative energy. (rN+++)
You are immune to unholy pain and torment.
You are vulnerable to heat. (rF-)
You do not drink.
You have a special connection with the divine. (Faith)


Message History

There is a stone staircase leading up here.
You climb upwards.
The adder hisses angrily.
The orc priest shouts!
The iguana hisses angrily.
Found a scroll labelled BUEFANN RIAMI, 2 purple potions and 12 gold pieces.
There is a stone staircase leading down here.
The orc priest shouts!
You hear a shout! x2; The orc priest shouts!
The orc barely misses you.
You hear a shout!
The orc shouts! x2; You hear a howl!
Menkaure shouts!
You climb downwards.
You hear the hiss of flowing sand.
There is an entrance to an ossuary on this level.
Hurry and find it before the portal is buried!
There is a stone staircase leading up here.
No target in view!
You hear the slow hiss of a very distant avalanche of sand.
An adder comes into view.
An iguana comes into view.
Found a stone staircase leading up.
An iguana comes into view.
You hear the slow hiss of a distant avalanche of sand.
The adder hisses angrily.
The adder bites you but does no damage.
You hit the adder.
The adder is lightly wounded.
The adder completely misses you. The adder misses you.
You closely miss the adder.
The adder is lightly wounded.
The adder bites you but does no damage.
You closely miss the adder.
The adder is lightly wounded.
The adder closely misses you. The adder bites you.
You hit the adder.
The adder is moderately wounded.
The adder bites you.
You miss the adder.
The adder is moderately wounded.
The adder bites you. x2
You miss the adder.
The adder is moderately wounded.
The adder bites you but does no damage.
The iguana hisses angrily.
You hit the adder.
The adder is heavily wounded.
The adder bites you. The adder barely misses you.
You miss the adder.
The adder is heavily wounded.
The adder barely misses you. The adder bites you.
You are too injured to fight recklessly!
The adder bites you but does no damage.
An orc wizard comes into view. It is wielding a +0 dagger.
Found 5 stones.
The adder bites you. The iguana barely misses you.
The adder attacks as you move away! The adder bites you.
An orc priest comes into view. It is wielding a +0 mace.
The adder barely misses you.
There is a stone staircase leading up here.
The adder bites you. The iguana closely misses you.
You climb upwards.
Level annotation: Menkaure The orc shouts!
A worm comes into view.
Found 7 gold pieces and 7 stones.
There is a stone staircase leading down here.
Blink to where?
Press: ? - help, Dir - move target A kobold comes into view.
It is wielding a +0 short sword and quivering poisoned darts.
Found a fizzy orange potion and an amethyst potion.
As you read the scroll labelled TULYIN KIMNOS, it crumbles to dust.
It was a scroll of blinking.
Unknown command.
The hound barks!
You hear a shout! x2
The hound attacks as you move away! The hound closely misses you.
The hound barely misses you.
You hit the hound but do no damage. The hound bites you.
You miss the hound. The hound completely misses you. The hound misses you.
You hit the hound.
The hound is lightly wounded.
The hound barely misses you.
A hobgoblin comes into view.
The hound bites you.
* * * LOW HITPOINT WARNING * * *
Okay, then.
You can't drink.
Unknown command.
You hit the hound.
The hound is moderately wounded.
The hound bites you.
* * * LOW HITPOINT WARNING * * *
The hound closely misses you.
You miss the hound.
The hound is moderately wounded.
The hound closely misses you. The hound misses you.
You hit the hound.
The hound is heavily wounded.
The hound bites you.
* * * LOW HITPOINT WARNING * * *
You closely miss the hound.
The hound is heavily wounded.
The hound barely misses you.
An orc comes into view. It is wielding a +0 hand axe.
The hound bites you.
You die...

#########
.....!.#
.!....# .....#
....# #..###o#
#####l.....#
#..@hKS#.....
#..####Sg.####
.... #...### .
.... .#.l..##
... ...
##..S..##$.#
..
#.....§....# .
#..........#
#..........# #
##.......#....


You could see an iguana, a hound, 2 adders, an orc (wandering), a hobgoblin and
a kobold.

Vanquished Creatures
  An adder (D:5)
1 creature vanquished.

Notes
Turn   | Place    | Note
-------+----------+-------------------------------------------
     0 | D:5      | Flugkiller the Mummy Delver began the quest for the Orb.
     0 | D:5      | Reached XP level 1. HP: 18/18 MP: 1/1
     7 | D:5      | Noticed a jelly
    27 | D:5      | Reached XP level 2. HP: 20/24 MP: 2/2
    42 | D:5      | Found a snail-covered altar of Cheibriados.
    50 | D:5      | Became a worshipper of Cheibriados the Contemplative
    86 | D:4      | Noticed Menkaure
   168 | D:4      | Slain by a hound

Illustrated notes

Levels and vault maps discovered:
D:4:      layout_rooms, mainiacjoe_overflow_paths, minmay_temple_entry_fiery,
          uniq_robin, uniq_menkaure
D:5:      minmay_opposing_rooms, layout_cave_pools, cheibriados_altar_1,
          mainiacjoe_overflow_alcove_4, enter_ossuary_4, grunt_ministairs_4,
          bh_walls_and_bars

Action                   || total
-------------------------++-------
Melee: Falchion          ||    22
  Use: Scroll            ||     3
Armor: Leather armour    ||    10
Dodge: Dodged            ||    23

Table legend: (Time is in decaauts)
 A = Elapsed time spent in this place.
 B = Non-inter-level travel time spent in this place.
 C = Inter-level travel time spent in this place.
 D = Time resting spent in this place.
 E = Time spent auto-exploring this place.
 F = Levels seen in this place.
 G = Mean time per level.
                   A        B        C        D        E       F      G
               +--------+--------+--------+--------+--------+-----+--------+
         Total |    191 |    181 |     10 |      2 |      7 |   2 |   95.5 |
       Dungeon |    191 |    181 |     10 |      2 |      7 |   2 |   95.5 |
               +--------+--------+--------+--------+--------+-----+--------+

Top non-repeatable levels by time:
     D:5: 178 daAuts
     D:4: 13 daAuts
